 Dungeon Crawl Stone Soup version 0.24.0-35-gdb84b6a5db (webtiles) character file.

Game seed: 3085074446520296813, levelgen mode: deterministic

72 Flugslaktarn the Chopper (level 4, 0/36 HPs)
             Began as a Minotaur Monk on Nov 17, 2019.
             Slain by a worker ant (6 damage)
             ... on level 2 of the Dungeon.
             The game lasted 00:00:47 (1317 turns).

Flugslaktarn the Chopper (Minotaur Monk)            Turns: 1317, Time: 00:00:48

Health: 0/36       AC:  2    Str: 17    XL:     4   Next: 7%
Magic:  3/3        EV: 13    Int:  7    God:
Gold:   83         SH:  0    Dex: 14    Spells: 3/3 levels left

rFire    + . .     SeeInvis .   a - +0 hand axe
rCold    . . .     Gourm    .   (no shield)
rNeg     . . .     Faith    .   b - +0 robe
rPois    .         Spirit   .   (helmet restricted)
rElec    .         Reflect  .   (no cloak)
rCorr    .         Harm     .   (no gloves)
MR       .....                  (no boots)
Stlth    ++........             (no amulet)
HPRegen  0.12/turn              (no ring)
MPRegen  0.08/turn              (no ring)

@: no status effects
A: retaliatory headbutt, horns 2, agile 1, fire resistance 1, frail 1
a: no special abilities


You were on level 2 of the Dungeon.
You were not hungry.

You visited 1 branch of the dungeon, and saw 2 of its levels.

You collected 83 gold pieces.

Inventory:

Hand Weapons
 a - a +0 hand axe (weapon)
Armour
 b - a +0 robe (worn)
Jewellery
 j - an uncursed amulet of faith {unknown}
   (You found it on level 1 of the Dungeon)
Scrolls
 d - 3 scrolls of teleportation {unknown}
 f - 2 scrolls of immolation {unknown}
 g - a scroll of identify {unknown}
 h - 2 scrolls of blinking {unknown}
 k - a scroll of magic mapping {unknown}
 l - a scroll of fog {unknown}
Comestibles
 c - 3 chunks of flesh
 e - 5 rations


   Skills:
 + Level 4.3 Fighting
 * Level 5.0 Axes
 + Level 2.0 Armour
 - Level 3.2 Dodging
 - Level 1.5 Stealth


You had 3 spell levels left.
You didn't know any spells.
Your spell library was empty.

Dungeon Overview and Level Annotations

Branches:
Dungeon (2/15)

Altars:


Innate Abilities, Weirdness & Mutations

You reflexively headbutt those who attack you in melee.
You have a pair of horns on your head.
You are agile. (Dex +2)
Your flesh is heat resistant. (rF+)
You are frail. (-10% HP)


Message History

You miss the jackal. Your headbutt misses the jackal.
The jackal completely misses you.
You hit the jackal.
The jackal is severely wounded.
The jackal barely misses you.
You barely miss the jackal. Your headbutt misses the jackal.
The jackal is severely wounded.
The jackal completely misses you. The jackal misses you.
You closely miss the jackal. Your headbutt misses the jackal.
The jackal is severely wounded.
The worker ant waves its antennae.
The jackal completely misses you.
You hit the jackal.
You kill the jackal!
The worker ant misses you. You furiously retaliate!
You headbutt the worker ant. You hit the worker ant.
The worker ant is severely wounded.
The worker ant bites you.
You die...

..# . #.. #.#
#... ## #.#
#...# ######.##
# #............#
....(.#######..#
#.. .. #..## ...
#...## ..
#..#..# #.###@#
#. #a## ..
#lh##### #.#
##gg...# #.
#.....# #.....#
#.....# . #
#.....# .. #.
#.....#


You could see a worker ant, a leopard gecko, a jackal, a hobgoblin and a goblin.

Vanquished Creatures
  2 adders (D:2)
  2 dart slugs (D:1)
  3 giant cockroaches (D:1)
  6 goblins
  5 hobgoblins
  3 jackals (D:2)
  9 kobolds
  6 bats
  4 frilled lizards (D:1)
  7 rats
47 creatures vanquished.

Notes
Turn   | Place    | Note
-------+----------+-------------------------------------------
     0 | D:1      | Flugslaktarn the Minotaur Monk began the quest for the Orb.
     0 | D:1      | Reached XP level 1. HP: 19/19 MP: 0/0
   177 | D:1      | Reached skill level 4 in Axes
   180 | D:1      | Reached XP level 2. HP: 26/27 MP: 1/1
   250 | D:1      | Reached skill level 1 in Armour
   553 | D:1      | Reached XP level 3. HP: 33/33 MP: 2/2
  1293 | D:2      | Reached XP level 4. HP: 29/40 MP: 3/3
  1310 | D:2      | Gained mutation: You are frail. (-10% HP) [potion of
                  | mutation]
  1310 | D:2      | Gained mutation: Your flesh is heat resistant. (rF+)
                  | [potion of mutation]
  1310 | D:2      | Gained mutation: You are agile. (Dex +2) [potion of
                  | mutation]
  1311 | D:2      | Reached skill level 5 in Axes
  1317 | D:2      | Slain by a worker ant

Levels and vault maps discovered:
D:1:      eino_arrival_water_star, layout_loops_corners
D:2:      layout_rooms, led_sif_pool, minmay_goblin_kobold_house

Skill      XL: |  1  2  3  4 |
---------------+-------------+-----
Axes           | 4 5 |  5.0
Armour         | 1 2 |  2.0
Fighting       | 4 |  4.3
Dodging        | |  3.2
Stealth        | |  1.5

Action                   |  1- 3 |  4- 6 || total
-------------------------+-------+-------++-------
Melee: Hand axe          |    69 |    10 ||    79
       Headbutt          |    15 |       ||    15
  Use: Potion            |       |     1 ||     1
 Stab: Sleeping          |     4 |       ||     4
  Eat: Chunk             |     1 |       ||     1
Armor: Robe              |    12 |     3 ||    15
Dodge: Dodged            |    51 |    23 ||    74
